 Dungeon Crawl Stone Soup version 0.27.0-1-g7a089689b8 (webtiles) character file.

Game seed: 17093518534184379881

79 horus123 the Covered (level 4, -5/35 HPs)
             Began as a Human Fighter on Aug 15, 2021.
             Slain by a phantom (8 damage)
             ... on level 3 of the Dungeon.
             The game lasted 00:03:59 (2781 turns).

horus123 the Covered (Human Fighter)                Turns: 2781, Time: 00:04:00

Health: -5/35      AC: 10    Str: 17    XL:     4   Next: 62%
Magic:  4/4        EV:  4    Int:  8    God:
Gold:   88         SH:  9    Dex: 13    Spells: 3/3 levels left

rFire    . . .     SeeInvis .   a - +0 long sword
rCold    . . .     Faith    .   c - +0 kite shield
rNeg     . . .     Spirit   .   o - +0 chain mail
rPois    .         Reflect  .   (no helmet)
rElec    .         Harm     .   (no cloak)
rCorr    .         Rampage  .   (no gloves)
Will     .....                  g - +0 pair of boots
Stlth    ..........             (no amulet)
HPRegen  0.11/turn              (no ring)
MPRegen  0.09/turn              (no ring)

@: no status effects
A: no striking features
a: no special abilities


You were on level 3 of the Dungeon.
You visited 1 branch of the dungeon, and saw 3 of its levels.

You collected 88 gold pieces.

Inventory:

Hand Weapons
 a - a +0 long sword (weapon)
Armour
 c - a +0 kite shield (worn)
 g - a +0 pair of boots (worn)
 j - a +2 robe of cold resistance
 o - a +0 chain mail (worn)
Scrolls
 h - a scroll of blinking
 k - 2 scrolls of fog
 l - a scroll of teleportation
 m - a scroll of noise
 n - a scroll of identify
Potions
 d - a potion of might
 e - 2 potions of curing {unknown}
 f - a potion of haste {unknown}
 i - a potion of flight {unknown}


   Skills:
 + Level 3.2 Fighting
 * Level 2.9 Long Blades
 + Level 3.8 Armour
 + Level 0.3 Dodging
 + Level 3.5 Shields


You had 3 spell levels left.
You didn't know any spells.
Your spell library contained the following spells:

 Spells                   Type           Power      Damage    Failure   Level
 Magic Dart               Conj           0%         1d3       100%        1
 Call Imp                 Summ           0%         N/A       100%        2
 Mephitic Cloud           Conj/Pois/Air  0%         N/A       100%        3


Dungeon Overview and Level Annotations

Branches:
Dungeon (3/15)

Altars:
Dithmenos

Shops:
D:1 *   D:2 =(?=


Message History

The phantom hits you.
You closely miss the phantom.
The phantom is moderately damaged.
The phantom hits you.
You are too injured to fight recklessly!
You are too injured to fight recklessly!
You are too injured to fight recklessly!
The phantom hits you but does no damage.
You block the phantom's attack.
You closely miss the phantom.
The phantom is moderately damaged.
The phantom hits you.
The phantom blinks!
You blink.
The phantom hits you but does no damage.
The phantom hits you but does no damage.
The phantom hits you.
* * * LOW HITPOINT WARNING * * *
The phantom blinks!
You blink.
You hit the phantom.
The phantom is moderately damaged.
The phantom hits you.
* * * LOW HITPOINT WARNING * * *
The phantom blinks!
You blink.
A rat comes into view.
You closely miss the phantom.
The phantom is moderately damaged.
The phantom hits you.
* * * LOW HITPOINT WARNING * * *
The phantom blinks!
You blink.
You block the phantom's attack. The phantom barely misses you.
You riposte.
You hit the phantom.
The phantom is heavily damaged.
The rat bites you but does no damage.
You closely miss the rat.
The phantom hits you but does no damage.
The rat barely misses you.
You riposte.
You closely miss the rat. You hit the rat.
You kill the rat!
The phantom hits you.
* * * LOW HITPOINT WARNING * * *
The phantom hits you!
You die...

... #.# .# ..##.#
.. ..#.###.#
#.#.##.. #.#.##.#
#...##.#
####......#####
###
#.W.....#.....#...
#..@....#..§§.#.#
#.......#§......#
#.......#.....###
####..?.$.....#
#..###.....# ....#
#.>...# ##.##
#.....##
##.####......## .
........†.....###.


You could see a phantom.

Vanquished Creatures
  Terence (D:2)
  An adder (D:2)
  A worm (D:2)
  A dart slug (D:1)
  4 endoplasms
  A giant cockroach (D:1)
  A goblin (D:2)
  5 hobgoblins
  2 jackals (D:2)
  3 kobolds
  A quokka (D:3)
  5 ball pythons
  7 bats
  A frilled lizard (D:1)
  3 rats
37 creatures vanquished.

Notes
Turn   | Place    | Note
-------+----------+-------------------------------------------
     0 | D:1      | horus123 the Human Fighter began the quest for the Orb.
     0 | D:1      | Reached XP level 1. HP: 18/18 MP: 1/1
   205 | D:1      | Reached XP level 2. HP: 24/24 MP: 2/2
   335 | D:1      | Found Syonnah's Assorted Antiques.
   844 | D:1      | Reached XP level 3. HP: 24/29 MP: 3/3
  1691 | D:2      | Found Upeorruc's Jewellery Boutique.
  1745 | D:2      | Found Agieng's Antique Weapon Shop.
  1758 | D:2      | Found Fythusic's Jewellery Emporium.
  2240 | D:2      | Noticed Terence
  2248 | D:2      | Reached XP level 4. HP: 18/35 MP: 4/4
  2261 | D:2      | Killed Terence
  2598 | D:2      | Found Fycadam's Magic Scroll Shop.
  2702 | D:3      | Found a shadowy altar of Dithmenos.
  2758 | D:3      | Noticed a phantom
  2781 | D:3      | Slain by a phantom

Illustrated notes

Levels and vault maps discovered:
D:1:      roderic_octagonal_star, layout_basic, serial_shops, shop_fountains
D:2:      layout_basic, serial_shops, nicolae_shop_trees, shop,
          nicolae_lakefront_shop, shop, uniq_terence
D:3:      layout_rooms, old_standard_altar, dreamdust_ecumenical_altar_grove

Action                   |  1- 3 |  4- 6 || total
-------------------------+-------+-------++-------
Melee: Long sword        |   117 |    26 ||   143
  Use: Scroll            |     4 |     3 ||     7
Armor: Scale mail        |    66 |     6 ||    72
       Chain mail        |       |     8 ||     8
Dodge: Dodged            |    45 |     4 ||    49
Block: Kite shield       |    74 |    15 ||    89
       Rpst.: Long sword |    11 |     2 ||    13
